AoeStats
← PsykotiK Cookie

Black Forest

506366397Analyzed
4v4 RM · 20d ago on Sep 13, 2026· 82m 1s· 8 players
Game mode
Random Map
Map size
Large (8 player)
Population
200
Speed
Normal
Resources
Standard
Victory
Conquest
Starting age
Dark Age
Ending age
Imperial Age
RankedLock teamsTeams togetherTeam positionsShared explorationLock speedFull tech treeHidden civsTurbo modeCheats
Victory
Defeat
🇨🇳 Teutons · China
740
+8
🇫🇷 Franks · France
717
+9
🇦🇺 Mongols · Australia
714
+9
🇪🇸 Poles · Spain
480
+18
🇷🇺 Celts · Russia
624
-14
🇨🇳 Malay · China
573
-12
🇫🇷 Bohemians · France
513
-10
🇨🇳 Wei · China
471
-8
PsykotiK Cookie
15:04 Feudal Age
15:32 Double-Bit Axe
16:31 Wheelbarrow
15:42 Town Watch
16:25 Horse Collar
18:25 Man-at-Arms
18:52 Arson
19:19 Forging
19:10 Scale Mail Armor
19:01 Fletching
21:54 Padded Archer Armor
26:07 Castle Age
26:51 Caravan
27:13 Hand Cart
26:59 Town Patrol
26:43 Long Swordsman
28:33 Bow Saw
29:07 Iron Casting
36:43 Imperial Age
34:50 Masonry
34:32 Guard Tower
35:47 Heavy Plow
36:57 Chemistry
36:20 Ballistics
35:43 Treadmill Crane
37:23 Leather Archer Armor
37:03 Bodkin Arrow
39:08 Houfnice
40:19 Guilds
42:03 Blast Furnace
41:03 Bracer
41:20 Chain Mail Armor
44:19 Two-Man Saw
47:40 Pikeman
47:41 Two-Handed Swordsman
48:22 Squires
49:45 Ring Archer Armor
49:46 Plate Mail Armor
49:41 Halberdier
HBNUVHTFGHYHUGY
10:49 Feudal Age
15:50 Castle Age
23:49 Fishing Lines
26:19 Gillnets
29:04 Wheelbarrow
31:07 Hand Cart
33:02 Loom
37:03 Stone Mining
37:04 Gold Mining
39:52 Husbandry
42:42 Imperial Age
41:20 Gold Shaft Mining
43:15 Elite Battle Elephant
44:32 Horse Collar
45:59 Conscription
45:45 Heavy Plow
47:26 Crop Rotation
47:59 Scale Barding Armor
48:05 Forging
52:12 Iron Casting
52:39 Arson
52:55 Squires
54:03 Blast Furnace
54:19 Man-at-Arms
60:00 Long Swordsman
61:31 Forced Levy
61:20 Two-Handed Swordsman
73:18 Pikeman
74:17 Halberdier
☨☨☨☨
0:35 Loom
12:11 Feudal Age
19:16 Horse Collar
21:09 Double-Bit Axe
22:08 Wheelbarrow
21:20 Town Watch
24:30 Castle Age
23:32 Arson
23:46 Gold Mining
25:32 Scale Mail Armor
25:42 Forging
27:19 Bow Saw
27:13 Gambesons
26:49 Pikeman
29:47 Heavy Plow
33:35 Hand Cart
34:08 Stone Mining
38:16 Caravan
39:12 Chain Mail Armor
39:33 Iron Casting
41:43 Stronghold
43:23 Masonry
43:09 Murder Holes
43:35 Ballistics
49:37 Imperial Age
50:18 Halberdier
51:37 Plate Mail Armor
52:08 Blast Furnace
52:37 Conscription
52:55 Hoardings
55:37 Elite Woad Raider
56:39 Fortified Wall
73:51 Town Patrol
935032334
0:42 Loom
11:31 Feudal Age
20:04 Castle Age
19:52 Double-Bit Axe
19:58 Horse Collar
21:19 Heavy Plow
24:16 Stone Mining
24:55 Bow Saw
24:39 Gold Mining
26:50 Wheelbarrow
27:47 Stone Shaft Mining
27:55 Gold Shaft Mining
28:47 Hand Cart
29:17 Forging
28:51 Treadmill Crane
32:17 Iron Casting
32:57 Scale Barding Armor
35:52 Imperial Age
33:41 Tuntian
36:20 Caravan
37:04 Ming Guang Armor
39:40 Blast Furnace
40:25 Chain Barding Armor
39:58 Fletching
40:01 Elite Tiger Cavalry
41:59 Parthian Tactics
42:57 Ballistics
42:52 Fortified Wall
43:03 Ballistics
43:44 Chemistry
48:21 Bodkin Arrow
49:31 Conscription
49:39 Conscription
51:00 Elite Skirmisher
57:30 Masonry
75:42 Bracer
oncemore
0:29 Loom
14:46 Feudal Age
15:18 Double-Bit Axe
17:12 Horse Collar
22:17 Wheelbarrow
21:29 Town Watch
24:42 Castle Age
23:12 Bloodlines
23:54 Scale Barding Armor
24:00 Forging
23:57 Stone Mining
23:57 Gold Mining
24:57 Fletching
25:08 Padded Archer Armor
27:00 Heavy Plow
27:18 Hand Cart
27:27 Bow Saw
28:28 Stone Shaft Mining
28:31 Town Watch
29:29 Town Patrol
30:27 Bodkin Arrow
30:48 Leather Archer Armor
31:44 Elite Skirmisher
33:25 Arson
33:27 Gambesons
33:42 Squires
38:24 Imperial Age
37:41 Ballistics
37:34 Fortified Wall
37:45 Ballistics
38:10 Iron Casting
39:30 Crenellations
39:17 Pikeman
39:18 Man-at-Arms
39:27 Heavy Scorpion
41:11 Crop Rotation
41:57 Ironclad
41:59 Conscription
43:14 Two-Man Saw
43:18 Chemistry
41:56 Cavalier
43:42 Crossbowman
45:32 Chain Barding Armor
45:13 Scale Mail Armor
46:15 Blast Furnace
46:16 Onager
46:16 Capped Ram
47:05 Siege Engineers
47:21 Bombard Tower
47:13 Masonry
46:49 Arrowslits
47:35 Sappers
48:09 Caravan
50:38 Ring Archer Armor
50:44 Plate Barding Armor
50:25 Chain Mail Armor
54:36 Plate Mail Armor
53:44 Paladin
55:12 Coinage
54:53 Guilds
58:04 Guard Tower
61:22 Siege Onager
67:37 Keep
68:47 Banking
74:34 Hoardings
74:38 Halberdier
77:35 Long Swordsman
80:00 Two-Handed Swordsman
81:22 Champion
Longbowhemian Rhapsody
2:09 Loom
14:45 Feudal Age
20:55 Castle Age
21:05 Stone Mining
21:16 Double-Bit Axe
24:50 Bow Saw
32:49 Gold Mining
34:54 Forging
35:19 Scale Mail Armor
36:09 Husbandry
37:54 Wheelbarrow
37:57 Iron Casting
37:39 Chain Mail Armor
37:32 Scale Barding Armor
37:29 Squires
38:52 #83
38:27 Fletching
38:38 Padded Archer Armor
42:50 Imperial Age
40:42 Hand Cart
40:38 Caravan
42:57 Cavalier
43:40 Chivalry
44:17 Conscription
45:50 Elite Throwing Axeman
47:34 Blast Furnace
46:56 Chain Barding Armor
47:07 Plate Mail Armor
47:27 Gold Shaft Mining
47:04 Capped Ram
48:45 Ballistics
47:56 Paladin
49:09 Onager
50:39 Arson
51:26 Pikeman
51:53 Gambesons
53:51 Chemistry
57:15 Halberdier
60:55 Plate Barding Armor
60:37 Leather Archer Armor
60:18 Bodkin Arrow
75:40 Arrowslits
oasis_silva
0:38 Loom
12:17 Feudal Age
13:14 Double-Bit Axe
25:06 Castle Age
22:53 Horse Collar
24:32 Stone Mining
26:40 Wheelbarrow
26:34 Bow Saw
27:16 Heavy Plow
28:20 Gold Mining
29:43 Thumb Ring
30:20 Hand Cart
31:16 Husbandry
31:42 Ballistics
38:20 Imperial Age
36:35 Gold Shaft Mining
37:04 Nomads
38:19 Caravan
40:27 Chemistry
39:40 Fortified Wall
39:27 Murder Holes
40:34 Parthian Tactics
40:06 Fletching
41:30 Onager
42:29 Padded Archer Armor
44:29 Elite Mangudai
47:46 Bodkin Arrow
48:07 Leather Archer Armor
48:00 Scale Barding Armor
54:08 Bracer
54:06 Light Cavalry
54:57 Bloodlines
57:06 Forging
56:41 Hussar
68:11 Siege Onager
72:12 Chain Barding Armor
72:28 Iron Casting
ENDER
14:26 Feudal Age
16:10 Wheelbarrow
15:47 Horse Collar
16:32 Double-Bit Axe
17:10 Gold Mining
21:30 Stone Mining
24:07 Castle Age
26:02 Hand Cart
25:53 Heavy Plow
26:06 Bow Saw
26:35 Stone Shaft Mining
26:45 Caravan
31:45 Szlachta Privileges
31:48 Man-at-Arms
31:48 Pikeman
32:29 Squires
32:00 Crossbowman
32:57 Husbandry
33:08 Bloodlines
39:34 Imperial Age
36:55 Long Swordsman
39:32 Murder Holes
41:20 Crop Rotation
40:59 Two-Handed Swordsman
41:49 Thumb Ring
41:07 Arbalester
42:34 Cavalier
48:16 Forging
48:13 Scale Barding Armor
50:15 Lechitic Legacy
52:31 Champion
54:38 Elite Obuch
55:46 Conscription
66:20 Iron Casting
65:46 Scale Mail Armor
66:07 Chain Barding Armor
65:39 Fletching
65:50 Padded Archer Armor
71:38 Blast Furnace
70:54 Chain Mail Armor
70:54 Leather Archer Armor
70:35 Bodkin Arrow
Connection lost

Rejoining the realm…

Still unreachable

The connection could not be restored.

Session expired

The server has moved on; the page needs a fresh start.